 Dungeon Crawl Stone Soup version 0.30.0-29-ga12c61a403 (webtiles) character file.

Game seed: 17377321826674312996

33 qw the Shield-Bearer (level 3, 0/23 HPs)
             Began as a Gargoyle Fighter on June 4, 2023.
             Slain by a gnoll
             ... wielding a +0 halberd
              (3 damage)
             ... on level 2 of the Dungeon.
             The game lasted 00:00:18 (764 turns).

qw the Shield-Bearer (Gargoyle Fighter)              Turns: 764, Time: 00:00:19

Health: 0/23       AC: 10    Str: 21    XL:     3   Next: 29%
Magic:  3/3        EV:  9    Int:  8    God:
Gold:   35         SH:  4    Dex:  9    Spells: 2/2 levels left

rFire   . . .        Y - +0 war axe
rCold   . . .        c - +0 buckler
rNeg    + . .        b - +0 scale mail
rPois   inf          (no helmet)
rElec   +            (no cloak)
rCorr   .            (no gloves)
SInv    .            (no boots)
Will    .....        (no amulet) Stlth
                     (no ring)
HPRegen 0.23/turn    (no ring)
MPRegen 0.08/turn

%: no passive effects
@: no status effects
A: sickness immunity, AC +3, negative energy resistance 1, electricity
resistance, torment resistance 1, petrification resistance
a: no special abilities


You were on level 2 of the Dungeon.
You visited 1 branch of the dungeon, and saw 2 of its levels.

You collected 35 gold pieces.


Innate Abilities, Weirdness & Mutations

You are immune to sickness and miasma.
Your stone body is resilient. (AC +3)
You are immune to poison.
You resist negative energy. (rN+)
You are resistant to electric shocks. (rElec)
You are resistant to unholy torment.
You are immune to petrification.


   Skills:
 - Level 3.2 Fighting
 - Level 3.0 Axes
 + Level 0.9 Throwing
 - Level 3.2 Armour
 - Level 3.2 Shields


You had 2 spell levels left.
You didn't know any spells.
Your spell library was empty.

Inventory:

Hand Weapons
 m - a +4 whip
 Y - a +0 war axe (weapon)
Missiles
 i - 3 silver javelins (quivered)
Armour
 b - a +0 scale mail (worn)
 c - a +0 buckler (worn)
 k - a +1 helmet
Jewellery
 f - a ring of ice
Scrolls
 a - a scroll of identify
 h - a scroll of noise {unknown}
Potions
 d - a potion of might
 e - a potion of curing
 g - a potion of brilliance {unknown}
 j - a potion of attraction
 l - a potion of haste {unknown}

Dungeon Overview and Level Annotations

Branches:
Dungeon (2/15)

Altars:

Annotations:
D:2 Natasha


Message History

A kobold comes into view. It is wielding a +0 short sword.
Found a gold piece.
The kobold shouts!
You hear a shout!
You hear an angry hiss.
You hear a shout!
A gnoll comes into view. It is wielding a +0 whip.
You closely miss the kobold. The kobold barely misses you.
You slash the kobold!
You kill the kobold!
You have reached level 3!
Your experience leads to an increase in your attributes!
Increase (S)trength, (I)ntelligence, or (D)exterity?
You feel stronger. x2
You throw a silver javelin.
The silver javelin barely misses the gnoll.
A gnoll comes into view. It is wielding a +0 halberd.
The gnoll shouts!
You slash the gnoll!
You kill the gnoll!
Natasha, Servant of Life and Death comes into view.
Found a scroll of identify.
Items here: %% ( )).
A gnoll comes into view. It is wielding a +0 spear.
The gnoll shouts!
The gnoll moves out of view.
The gnoll closely misses you.
You see here a gold piece.
You hit the gnoll but do no damage. You barely miss Natasha. Natasha claws you.
The gnoll hits you with a +0 halberd. The gnoll closely misses you.
Natasha claws you.
You hit the gnoll.
The gnoll is lightly wounded.
You slash Natasha! The gnoll hits you but does no damage.
The gnoll barely misses you.
Natasha casts a spell.
The gnoll hits you with a +0 halberd! The gnoll barely misses you.
You barely miss Natasha.
Natasha is severely wounded.
You barely miss the gnoll. Natasha claws you but does no damage.
The gnoll hits you with a +0 halberd.
You die...

..# #....... #.#
#.#.##.. # ####.#
#)#.....
#.##....#########.##.#..
...........%.........(.#
?.##.##.#####.#........#
.......)# #.#.......##
..#####.# #.#.%.....#
#@# #.#...)...#
#.....hg# #.#.......#
#.###.5.g #.........#
#..... ######.####
#..(... #.# #....... #.#
#.......# #.# #.......#
... #.#


You could see Natasha, 2 gnolls and a cerulean imp (summoned).

Vanquished Creatures
  A gnoll (D:2)
  2 dart slugs
  2 ball pythons (D:1)
  3 bats
  3 endoplasms
  2 goblins
  3 hobgoblins (D:1)
  A frilled lizard (D:1)
  2 kobolds (D:2)
19 creatures vanquished.

Notes
Turn   | Place    | Note
-------+----------+-------------------------------------------
     0 | D:1      | qw the Gargoyle Fighter began the quest for the Orb.
     0 | D:1      | Reached XP level 1. HP: 14/14 MP: 1/1
     0 | D:1      | 0 ||| qw: Version: 0.2-a-107-g4668610
     0 | D:1      | 0 ||| qw: Game counter: 1253
     0 | D:1      | 0 ||| qw: Always use a shield: true
     0 | D:1      | 0 ||| qw: God list: Okawaru
     0 | D:1      | 0 ||| qw: Allow faded altars: false
     0 | D:1      | 0 ||| qw: Do Orc after D:15 true
     0 | D:1      | 0 ||| qw: Do second Lair branch before Depths: true
     0 | D:1      | 0 ||| qw: Lair rune preference: random
     0 | D:1      | 0 ||| qw: Plans: Normal, Zot:1-4, Slime:5, God:TSO, Crypt,
                  | Tomb, Abyss, Pan, Hells, Win
     0 | D:1      | 0 ||| PLANNING D:1-11
   112 | D:1      | 112 ||| Stepping ~*~*~tactically~*~*~ (hiding).
   120 | D:1      | Reached XP level 2. HP: 19/19 MP: 2/2
   639 | D:1      | 639 ||| READING 3 scrolls labelled PYDONNA SOFEWAJ.
   640 | D:1      | 640 ||| READING scroll labelled ZYBACEVAGI.
   652 | D:1      | 652 ||| READING scroll labelled REBLEA AROPOI.
   653 | D:1      | 653 ||| DRINKING 2 ruby potions.
   654 | D:1      | 654 ||| DRINKING 2 lumpy inky potions.
   655 | D:1      | 655 ||| READING 2 scrolls of identify.
   655 | D:1      | 655 ||| IDENTIFYING blue potion
   656 | D:1      | 656 ||| DROPPING potion of degeneration.
   714 | D:2      | 714 ||| Stepping ~*~*~tactically~*~*~ (stealth).
   728 | D:2      | 728 ||| DROPPING +0 mace.
   749 | D:2      | Reached skill level 3 in Axes
   756 | D:2      | Reached XP level 3. HP: 23/23 MP: 3/3
   758 | D:2      | Noticed Natasha
   763 | D:2      | HP: 2/23 [gnoll/+0 halberd (9)]
   764 | D:2      | Slain by a gnoll

Levels and vault maps discovered:
D:1:      giann_forest_graveyard, layout_loops_ring
D:2:      layout_loops_cross, serial_shops, shop, uniq_natasha

Skill      XL: |  1  2 |
---------------+-------+-----
Axes           | 2 3 |  3.0
Fighting       | |  3.2
Throwing       | |  0.9
Armour         | |  3.2
Shields        | |  3.2

Action                     || total
---------------------------++-------
  Melee: War axe           ||    29
  Throw: Javelin           ||    14
    Use: Scroll            ||     4
         Potion            ||     2
 Armour: Scale mail        ||    11
  Dodge: Dodged            ||    13
  Block: Buckler           ||     4

Table legend:
 A = Non-vault XP
 B = Vault XP
 C = Vault XP percentage of total XP
 D = Non-vault monster count
 E = Vault monster count
 F = Vault count percentage of total count
                 A         B        C        D         E       F
            +---------+---------+-------+---------+---------+-------
      Total |      48 |       0 |   0.0 |      19 |       0 |   0.0
            +---------+---------+-------+---------+---------+-------
        D:1 |      21 |       0 |   0.0 |      11 |       0 |   0.0
        D:2 |      27 |       0 |   0.0 |       8 |       0 |   0.0
            +---------+---------+-------+---------+---------+-------
